 Dungeon Crawl Stone Soup version 0.28.0 (webtiles) character file.

Game seed: 548232335780388502

0 psuckher the Covert (level 1, 0/23 HPs)
             Began as a Gnoll Delver on Feb 16, 2022.
             Was an Initiate of Zin.
             Succumbed to an adder's poison
             ... on level 5 of the Dungeon.
             The game lasted 00:00:38 (77 turns).

psuckher the Covert (Gnoll Delver)                    Turns: 77, Time: 00:00:38

Health: 0/23       AC:  3    Str: 11    XL:     1   Next: 0%
Magic:  1/1        EV: 13    Int:  9    God:    Zin [......]
Gold:   0          SH:  0    Dex: 13    Spells: 0/0 levels left

rFire   . . .      SeeInvis .   a - +0 hand axe
rCold   . . .      Faith    .   (no shield)
rNeg    . . .      Spirit   .   b - +0 leather armour
rPois   .          Reflect  .   (no helmet)
rElec   .          Harm     .   (no cloak)
rCorr   .          Rampage  .   (no gloves)
Will    .....                   (no boots)
Stlth   ++++......              (no amulet)
HPRegen 0.07/turn               (no ring)
MPRegen 0.07/turn               (no ring)

@: lethally poisoned (0 -> -3)
A: fangs 1, strong nose, distributed training
a: Renounce Religion, Donate Gold


You were on level 5 of the Dungeon.
You worshipped Zin.
Zin was noncommittal.
You visited 1 branch of the dungeon, and saw 1 of its levels.

Inventory:

Hand Weapons
 a - a +0 hand axe (weapon)
Armour
 b - a +0 leather armour (worn)
Wands
 g - a wand of digging (3)
Scrolls
 c - a scroll of fog
 d - a scroll of magic mapping
 e - a scroll of fear
Potions
 f - a potion of haste


   Skills:
 + Level 6.4 Fighting
 + Level 0.0 Short Blades
 + Level 0.0 Long Blades
 + Level 4.4 Axes
 + Level 0.0 Maces & Flails
 + Level 0.0 Polearms
 + Level 0.0 Staves
 + Level 0.0 Slings
 + Level 0.0 Bows
 + Level 0.0 Crossbows
 + Level 0.0 Throwing
 + Level 0.0 Armour
 + Level 4.4 Dodging
 + Level 9.5 Stealth
 + Level 0.0 Shields
 + Level 0.0 Unarmed Combat
 + Level 0.0 Spellcasting
 + Level 0.0 Conjurations
 + Level 0.0 Hexes
 + Level 0.0 Summonings
 + Level 0.0 Necromancy
 + Level 0.0 Translocations
 + Level 0.0 Transmutations
 + Level 0.0 Fire Magic
 + Level 0.0 Ice Magic
 + Level 0.0 Air Magic
 + Level 0.0 Earth Magic
 + Level 0.0 Poison Magic
 + Level 0.0 Invocations
 + Level 0.0 Evocations


You couldn't memorise any spells.
You didn't know any spells.
Your spell library was empty.

Dungeon Overview and Level Annotations

Branches:
Dungeon (5/15)
 Temple: D:4-7

Altars:
Zin

Shops:
D:5 *


Innate Abilities, Weirdness & Mutations

You have very sharp teeth.
Your uncanny sense of smell can sniff out nearby items.
Your experience applies equally to all skills.


Message History

You open the door.
There is an open door here.
An adder comes into view.
Found 10 gold pieces. 2 gnolls come into view.
The adder hisses angrily.
You hear a shout!
The gnoll shouts!
You hear a shout!
The gnoll shouts!
The adder completely misses you.
A gnoll comes into view. It is wielding a +0 halberd.
The adder completely misses you.
The gnoll moves out of view.
You hit the adder.
The adder is moderately wounded.
The adder bites you. x2
You are poisoned.
The adder poisons you!
You hit the adder. You bite the adder.
The adder is heavily wounded.
You feel sick.
The gnoll hits you from afar with a +0 halberd.
The adder bites you.
You are more poisoned.
The adder poisons you!
The gnoll hits you from afar with a +0 halberd.
* * * LOW HITPOINT WARNING * * *
You barely miss the adder.
The adder is heavily wounded.
* * * LOW HITPOINT WARNING * * *
You feel sick. The adder closely misses you. The gnoll closely misses you.
The adder barely misses you.
You miss the adder.
The adder is heavily wounded.
* * * LOW HITPOINT WARNING * * *
You feel sick. The adder barely misses you. The gnoll closely misses you.
You hit the adder. Your bite misses the adder.
The adder is severely wounded.
* * * LOW HITPOINT WARNING * * *
You feel sick. The adder barely misses you. The gnoll closely misses you.
You slash the adder!
You kill the adder!
You die...

.8...!. #...##.
........+..... ## .
......##...####... #
#................. #
#..##.##..(.......
###..#..<....######.
#....#...#[#.#...#
..#..#...#.#.#.#.#
.###.....#.#.#.#@#
._⌠#..#.##.#'#.#†#
.###...........#g#
..#..#..###....#g#
#...##..###....#.$.g...#
#######>.......#..#.####
...............#..# #
##.............#..#
#.............#...


You could see 2 gnolls.

Vanquished Creatures
  An adder (D:5)
1 creature vanquished.

Notes
Turn   | Place    | Note
-------+----------+-------------------------------------------
     0 | D:5      | Reached skill level 9 in Stealth
     0 | D:5      | psuckher the Gnoll Delver began the quest for the Orb.
     0 | D:5      | Reached XP level 1. HP: 23/23 MP: 1/1
     7 | D:5      | Found Zin's Purification Station.
     8 | D:5      | Found a glowing silver altar of Zin.
    18 | D:5      | Became a worshipper of Zin the Law-Giver
    76 | D:5      | HP: 1/23 [poisoned by an adder]
    77 | D:5      | Succumbed to an adder's poison

Illustrated notes

Levels and vault maps discovered:
D:5:      layout_basic, zin_purify, hangedman_feature_mirror,
          minmay_strange_pillars, minmay_misc_feat_four_crosses, uniq_menkaure,
          uniq_prince_ribbit1

Skill      XL: | |
---------------+-+-----
Stealth        | |  9.5
Fighting       | |  6.4
Axes           | |  4.4
Dodging        | |  4.4

Action                   || total
-------------------------++-------
Melee: Hand axe          ||     6
       Bite              ||     1
Dodge: Dodged            ||     9
